 Dungeon Crawl Stone Soup version 0.25.1-1-g288607f5aa (webtiles) character file.

Game seed: 77372539148628771

206 Ijustatesigmund the Skirmisher (level 5, -6/38 HPs)
             Began as an Octopode Fighter on July 22, 2020.
             Mangled by a gnoll
             ... wielding a +0 halberd
              (15 damage)
             ... on level 4 of the Dungeon.
             The game lasted 00:05:12 (3221 turns).

Ijustatesigmund the Skirmisher (Octopode Fighter)   Turns: 3221, Time: 00:05:13

Health: -6/38      AC:  1    Str: 15    XL:     5   Next: 84%
Magic:  5/5        EV: 12    Int: 11    God:
Gold:   136        SH:  8    Dex: 12    Spells: 4/4 levels left

rFire    . . .     SeeInvis .   a - +1 war axe
rCold    . . .     Gourm    .   b - +0 kite shield
rNeg     . . .     Faith    .   (helmet restricted)
rPois    .         Spirit   .   (no amulet)
rElec    .         Reflect  .   (no ring)
rCorr    .         Harm     .   (no ring)
MR       .....                  (no ring)
Stlth    ++........             (no ring)
HPRegen  0.12/turn              (no ring)
MPRegen  0.09/turn              (no ring)
                                (no ring)
                                (no ring)

@: no status effects
A: almost no armour, stealthy swim, amphibious, 8 rings, constrict 8, camouflage
1, gelatinous body 1
a: no special abilities


You were on level 4 of the Dungeon.
You were not hungry.

You visited 1 branch of the dungeon, and saw 4 of its levels.

You collected 136 gold pieces.

Inventory:

Hand Weapons
 a - a +1 war axe (weapon)
 o - a +1 flail of protection
Missiles
 m - 11 poisoned darts (quivered)
Armour
 b - a +0 kite shield (worn)
Wands
 l - a wand of flame (24)
Scrolls
 f - a scroll of fear
 n - a scroll of blinking
Potions
 c - 4 potions of might
 e - a potion of flight
 h - a potion of heal wounds {unknown}
 i - a potion of magic {unknown}
 j - 3 potions of curing {unknown}
Comestibles
 d - 9 rations
 g - 3 chunks of flesh


   Skills:
 + Level 4.6 Fighting
 + Level 4.0 Axes
 + Level 3.4 Dodging
 + Level 3.3 Shields


You had 4 spell levels left.
You didn't know any spells.
Your spell library was empty.

Dungeon Overview and Level Annotations

Branches:
Dungeon (4/15)
 Temple: D:4-7

Altars:
Dithmenos
Sif Muna
Yredelemnul


Innate Abilities, Weirdness & Mutations

You cannot wear most types of armour.
You are very stealthy in the water. (Stealth+)
You are amphibious.
You can wear up to eight rings at the same time.
You can use your tentacles to constrict eight enemies at once.
Your skin changes colour to match your surroundings (Stealth+).
Your rubbery body absorbs attacks. (AC +1, EV +1)


Message History

Throwing (i - inventory)
m - 14 poisoned darts (quivered)
Press: ? - help, Shift-Dir - straight line, f/p - gnoll
Aim: a gnoll, wielding a +0 halberd You throw a poisoned dart.
The poisoned dart barely misses the gnoll.
Throwing (i - inventory)
m - 13 poisoned darts (quivered)
Press: ? - help, Shift-Dir - straight line, f/p - gnoll
Aim: a gnoll, wielding a +0 halberd You throw a poisoned dart.
The poisoned dart hits the gnoll.
Throwing (i - inventory)
m - 12 poisoned darts (quivered)
Press: ? - help, Shift-Dir - straight line, f/p - gnoll
Aim: a gnoll, wielding a +0 halberd You throw a poisoned dart.
The poisoned dart closely misses the gnoll.
The gnoll drinks a potion.
The gnoll seems to speed up.
The gnoll hits you from afar with a +0 halberd!
The gnoll hits you from afar with a +0 halberd.
* * * LOW HITPOINT WARNING * * *
The gnoll hits you with a +0 halberd!
You die...

#.<...#....#.......
#####.#....#..)....
#.#....#^......
#.#(####.......
#.#.# ####### #.#.#
###.#(# #...#g#
#.###@# #.# #.# #.#
#.# #.# #.# #.# #.#
#.# #.# #.# #.#
#.###.# #...#.#


You could see a gnoll (fast).

Vanquished Creatures
  An orc wizard (D:3)
  6 adders
  3 oozes
  4 worms
  4 dart slugs
  4 leopard geckos
  8 orcs
  2 giant cockroaches (D:2)
  8 hobgoblins
  2 jackals (D:1)
  A ball python skeleton (D:2)
  3 bats
  4 frilled lizards
  13 goblins
  13 kobolds
  8 rats
84 creatures vanquished.

Notes
Turn   | Place    | Note
-------+----------+-------------------------------------------
     0 | D:1      | Ijustatesigmund the Octopode Fighter began the quest for
                  | the Orb.
     0 | D:1      | Reached XP level 1. HP: 16/16 MP: 1/1
   377 | D:1      | Reached XP level 2. HP: 15/21 MP: 2/2
   821 | D:1      | Reached XP level 3. HP: 19/26 MP: 3/3
  1545 | D:2      | Found a shadowy altar of Dithmenos.
  1707 | D:2      | Reached XP level 4. HP: 33/33 MP: 4/4
  1901 | D:2      | Found a basalt altar of Yredelemnul.
  1902 | D:2      | Found a shimmering blue altar of Sif Muna.
  2336 | D:3      | Reached XP level 5. HP: 38/38 MP: 5/5
  3221 | D:4      | Mangled by a gnoll

Illustrated notes

Levels and vault maps discovered:
D:1:      matt_arrival_grand_opening, layout_basic
D:2:      layout_rooms, grunt_dithmenos_smoke_and_mirrors,
          grunt_temple_overflow_open, first_ration
D:3:      layout_rooms
D:4:      minmay_chambers_of_twos, layout_basic, kennysheep_mini, minivault_1,
          uniq_edmund, uniq_menkaure, uniq_natasha

Skill      XL: |  1  2  3  4  5 |
---------------+----------------+-----
Axes           | 3 4 |  4.0
Fighting       | 4 |  4.6
Dodging        | |  3.4
Shields        | |  3.3

Action                   |  1- 3 |  4- 6 || total
-------------------------+-------+-------++-------
Melee: War axe           |    70 |    64 ||   134
       Constrict         |    11 |    22 ||    33
       Tentacles         |     8 |    12 ||    20
Throw: Dart              |       |     5 ||     5
  Use: Scroll            |     1 |     9 ||    10
 Stab: Sleeping          |     5 |     7 ||    12
  Eat: Chunk             |     2 |     5 ||     7
Armor: Skin              |     4 |     3 ||     7
Dodge: Dodged            |    25 |    36 ||    61
Block: Kite shield       |    23 |    23 ||    46
